Map: [ESL] Crimson Court

Players

Harstem - Winner!

  • Race: Protoss Protoss
  • Spawn Location: 1:00

Wayne

  • Race: Zerg Zerg
  • Spawn Location: 7:00

Event: ESL SC2 Masters 2024 Spring (Regional)

VOD

Have the link to the VOD?

Description

Time

  • Played on: April 25, 2024, 9:18 a.m.
  • Length: 8:44

All games in this series

Show
View Real Time Build Order
Export as new Build Order

Harstem Protoss - Winner!

Build Orders: 1 Gate Expand, Mass Adepts 

Get SALT Encoding   

  12  0:00  Probe  
  13  0:12  Probe  
  14  0:17  Pylon  
  14  0:24  Probe (Chrono Boost)  
  15  0:36  Probe (Chrono Boost)  
  15  0:38  Gateway  
  16  0:45  Probe (Chrono Boost)  
  16  0:48  Assimilator  
  17  0:51  Probe  
  18  1:03  Probe  
  19  1:15  Probe  
  20  1:23  Nexus  
  20  1:34  Cybernetics Core  
  20  1:37  Probe  
  21  1:46  Assimilator  
  21  1:49  Probe  
  22  1:59  Pylon  
  22  2:01  Probe  
  23  2:10  Warp Gate  
  23  2:17  Probe (Chrono Boost), Adept (Chrono Boost)  
  26  2:25  Twilight Council  
  26  2:26  Probe (Chrono Boost)  
  27  2:35  Probe x2 (Chrono Boost)  
  31  2:44  Probe (Chrono Boost), Adept (Chrono Boost)  
  31  2:46  Probe (Chrono Boost)  
  31  2:50  Probe (Chrono Boost)  
  33  2:55  Probe  
  33  2:58  Gateway  
  35  3:01  Probe  
  35  3:04  Gateway  
  36  3:06  Resonating Glaives (Chrono Boost), Gateway  
  36  3:08  Probe  
  37  3:14  Probe  
  38  3:20  Probe, Adept  
  38  3:26  Probe  
  42  3:32  Probe  
  43  3:38  Nexus  
  43  3:41  Pylon  
  43  3:42  Probe  
  43  3:48  Pylon  
  44  3:59  Adept x3  
  44  4:00  Adept  
  44  4:01  Probe  
  54  4:05  Pylon  
  53  4:19  Adept x3  
  53  4:20  Adept  
  61  4:26  Probe  
  61  4:27  Robotics Facility  
  61  4:29  Probe  
  61  4:30  Pylon  
  63  4:41  Shield Battery  
  63  4:43  Adept x2  
  63  4:45  Shield Battery  
  67  4:46  Adept  
  67  4:52  Stalker, Probe  
  72  4:55  Assimilator  
  71  5:05  Zealot x2  
  72  5:09  Shield Battery  
  72  5:11  Pylon  
  72  5:13  Immortal (Chrono Boost)  
  66  5:22  Shield Battery  
  66  5:23  Stalker  
  66  5:26  Pylon  
  66  5:32  Probe  
  66  5:35  Cybernetics Core  
  63  5:36  Zealot  
  61  5:45  Immortal (Chrono Boost)  
  61  5:48  Zealot  
  61  5:59  Zealot x2  
  61  6:02  Probe  
  60  6:13  Pylon  
  60  6:14  Probe  
  57  6:18  Immortal  
  57  6:20  Probe  
  57  6:22  Pylon  
  62  6:26  Adept x2  
  62  6:27  Probe  
  62  6:32  Probe  
  68  6:34  Probe  
  68  6:38  Sentry  
  68  6:39  Probe  
  72  6:44  Probe  
  72  6:46  Probe  
  74  6:48  Assimilator  
  74  6:50  Shield Battery  
  74  6:55  Phoenix, Adept x3  
  74  6:56  Probe  
  74  6:57  Immortal (Chrono Boost)  
  74  6:58  Probe  
  82  7:03  Probe  
  83  7:08  Probe  
  83  7:11  Forge  
  83  7:15  Adept  
  87  7:16  Pylon  
  87  7:17  Sentry x2  
  87  7:22  Probe  
  89  7:24  Adept  
  89  7:29  Shield Battery  
  87  7:31  Gateway  
  87  7:36  Immortal (Chrono Boost)  
  91  7:40  Adept x2  
  91  7:42  Adept  
  93  7:45  Sentry  
  93  7:46  Probe  
  93  7:47  Probe  
  95  7:56  Gateway  
  95  8:02  Photon Cannon, Adept  
  95  8:03  Gateway, Adept  
  99  8:11  Immortal (Chrono Boost)  
  97  8:20  Adept  
  97  8:23  Probe  
  97  8:24  Probe  
  97  8:25  Probe  
  98  8:27  Shield Battery  
  98  8:29  Pylon  
  96  8:34  Dark Shrine  
  96  8:36  Pylon, Adept x2  
  96  8:37  Sentry  
Show
View Real Time Build Order
Export as new Build Order

Wayne Zerg 

Build Orders: Hatch First 

Get SALT Encoding   

  12  0:00  Drone  
  13  0:11  Overlord  
  13  0:16  Drone  
  14  0:30  Drone x2  
  16  0:47  Hatchery  
  15  0:51  Drone  
  15  0:54  Drone  
  17  0:58  Drone  
  18  1:08  Extractor  
  17  1:13  Spawning Pool  
  17  1:18  Drone  
  17  1:22  Drone  
  18  1:28  Drone  
  19  1:39  Drone  
  20  1:49  Drone  
  21  1:59  Overlord  
  21  2:00  Queen  
  21  2:01  Queen  
  25  2:02  Zergling x2  
  26  2:10  Zergling x2  
  26  2:11  Zergling x2  
  26  2:14  Metabolic Boost  
  28  2:21  Drone x2  
  30  2:35  Hatchery  
  29  2:38  Drone  
  29  2:41  Drone  
  31  2:47  Queen  
  31  2:51  Drone  
  33  2:56  Overlord  
  33  2:57  Drone  
  34  2:59  Unknown  
  34  3:01  Drone  
  34  3:11  Drone  
  34  3:12  Drone  
  36  3:16  Drone  
  36  3:19  Drone  
  38  3:20  Roach Warren  
  38  3:21  Drone  
  38  3:31  Drone x2  
  38  3:32  Overlord  
  38  3:33  Overlord  
  40  3:59  Roach x6  
  40  4:00  Zergling x2  
  40  4:01  Zergling x8  
  57  4:04  Roach  
  57  4:08  Roach  
  61  4:11  Overlord  
  61  4:17  Roach x2  
  61  4:21  Zergling x2  
  61  4:23  Overlord  
  66  4:33  Overlord  
  66  4:35  Roach x3  
  72  4:39  Ravager  
  72  4:40  Overlord, Ravager  
  72  4:44  Zergling x4  
  74  4:54  Zergling x10  
  74  4:59  Zergling x8  
  82  5:03  Zergling x2  
  73  5:17  Zergling x8  
  73  5:20  Ravager  
  74  5:23  Zergling x8  
  70  5:31  Ravager  
  70  5:32  Ravager  
  70  5:33  Zergling x4  
  70  5:36  Ravager  
  69  5:49  Zergling x2  
  72  5:50  Zergling x12  
  66  6:00  Zergling x2  
  66  6:02  Zergling x6  
  55  6:13  Zergling x6  
  55  6:15  Ravager  
  49  6:18  Zergling x2  
  49  6:19  Zergling x4  
  49  6:21  Zergling x2  
  47  6:28  Roach x2  
  50  6:35  Roach  
  50  6:36  Roach  
  54  6:42  Zergling x2  
  53  6:48  Roach x5  
  53  6:52  Zergling x4  
  62  7:01  Zergling x8  
  62  7:04  Zergling x2  
  62  7:06  Ravager x2  
  62  7:07  Ravager  
  68  7:11  Zergling x2  
  69  7:16  Zergling x4  
  69  7:17  Ravager  
  69  7:19  Zergling x2  
  69  7:23  Zergling x2  
  69  7:27  Ravager  
  71  7:33  Zergling x8  
  71  7:36  Ravager  
  75  7:43  Zergling x6  
  76  7:46  Ravager  
  76  7:47  Zergling x2  
  76  7:48  Zergling x2  
  79  7:55  Zergling x4  
  79  7:58  Ravager  
  79  7:59  Zergling x2  
  80  8:08  Zergling x8  
  79  8:19  Zergling x8  
Tags
 
Add a new tag
Caveats
  • Supply blocks, unpowered buildings, or Contaminate may cause inaccurate times.
  • Supply counts are checked every 10 seconds.